 Dungeon Crawl Stone Soup version 0.20.1-1-g8b1a95d (webtiles) character file.

62 Musashi the Chopper (level 3, 0/51 HPs)
             Began as a Minotaur Berserker on Dec 6, 2017.
             Was a Believer of Trog.
             Slain by an adder (2 damage)
             ... on level 3 of the Dungeon.
             The game lasted 00:05:13 (2047 turns).

Musashi the Chopper (Minotaur Berserker)            Turns: 2047, Time: 00:05:14

Health: 0/51       AC:  3    Str: 27    XL:     3   Next: 85%
Magic:  2/2        EV: 12    Int:  4    God:    Trog [**....]
Gold:   27         SH:  0    Dex:  9    Spells: 2/2 levels left

rFire    . . .     SeeInvis .   a - +0 hand axe
rCold    . . .     Gourm    .   (no shield)
rNeg     . . .     Faith    .   h - +0 leather armour
rPois    .         Spirit   .   (helmet restricted)
rElec    .         Reflect  .   (no cloak)
rCorr    .         Harm     .   (no gloves)
MR       .....                  (no boots)
Stlth    ..........             (no amulet)
Regen    0.2/turn               (no ring)
MPRegen  0.1/turn               (no ring)

@: berserking, lethally poisoned (0 -> -10), very quick
A: retaliatory headbutt, horns 2
a: Berserk, Trog's Hand, Burn Spellbooks, Renounce Religion


You were on level 3 of the Dungeon.
You worshipped Trog.
Trog was pleased with you.
You were very hungry.

You visited 1 branch of the dungeon, and saw 3 of its levels.

You collected 27 gold pieces.

Inventory:

Hand Weapons
 a - a +0 hand axe (weapon)
 i - a cursed -3 hunting sling
 q - a +0 mace
 v - a cursed -2 hunting sling
Missiles
 b - 83 arrows
 g - 157 stones (quivered)
 n - 26 bolts
 t - 9 poisoned needles
Armour
 h - a +0 leather armour (worn)
Scrolls
 e - a scroll of fog {unknown}
 f - a scroll of fear {unknown}
 j - 3 scrolls of identify {unknown}
 l - 2 scrolls of remove curse {unknown}
 s - a scroll of enchant weapon {unknown}
 u - a scroll of immolation {unknown}
 x - a scroll of noise {unknown}
 y - a scroll of teleportation {unknown}
 z - a scroll of recharging {unknown}
Potions
 k - 3 potions of curing {unknown}
 m - a potion of degeneration {unknown}
 o - a potion of brilliance {unknown}
 p - 2 potions of agility {unknown}
Comestibles
 c - 3 bread rations
 r - 2 meat rations
 w - 2 fruits


   Skills:
 + Level 4.4 Fighting
 + Level 4.7 Axes
 + Level 2.9 Armour
 + Level 2.4 Dodging


You had 2 spell levels left.
You didn't know any spells.

Dungeon Overview and Level Annotations

Branches:
Dungeon (3/15)

Altars:
Ashenzari
Xom


Innate Abilities, Weirdness & Mutations

You reflexively headbutt those who attack you in melee.
You have a pair of horns on your head.


Message History

You hit the adder.
The adder is moderately wounded.
* * * LOW HITPOINT WARNING * * *
You feel sick. The adder misses you.
You miss the adder.
The adder is moderately wounded.
* * * LOW HITPOINT WARNING * * *
You feel sick. The adder closely misses you. The adder bites you.
* * * LOW HITPOINT WARNING * * *
You miss the adder.
The adder is moderately wounded.
* * * LOW HITPOINT WARNING * * *
You feel sick. The adder misses you.
All of the chunks of flesh in your inventory have rotted away.
A red film seems to cover your vision as you go berserk!
You feel yourself moving faster!
You feel mighty!
You are feeling very hungry.
* * * LOW HITPOINT WARNING * * *
You feel sick. The adder bites you.
You die...

##+#
##...##
##...).##
##.......##
......S@..#
..........+
..........#
)#.......##
##.....##
##...##
##+#


You could see an adder.

Vanquished Creatures
  An adder (D:2)
  2 worms (D:1)
  2 dart slugs (D:2)
  A ball python (D:1)
  A giant cockroach (D:3)
  9 goblins
  A hobgoblin (D:2)
  8 jackals
  3 kobolds
  3 bats
  4 frilled lizards
  4 rats
39 creatures vanquished.

Notes
Turn   | Place    | Note
-------+----------+-------------------------------------------
     0 | D:1      | Musashi the Minotaur Berserker began the quest for the Orb.
     0 | D:1      | Reached XP level 1. HP: 19/19 MP: 0/0
     9 | D:1      | Noticed an iguana
     9 | D:1      | Noticed a redback
     9 | D:1      | Noticed an anaconda
     9 | D:1      | Noticed a rime drake
   393 | D:1      | Reached XP level 2. HP: 21/27 MP: 1/1
  1268 | D:1      | Reached XP level 3. HP: 22/33 MP: 2/2
  1385 | D:2      | Found a shimmering altar of Xom.
  1578 | D:2      | Found a shattered altar of Ashenzari.
  1715 | D:2      | Reached ** piety under Trog
  2047 | D:3      | HP: 2/51 [poisoned by an adder]
  2047 | D:3      | Slain by an adder

Skill      XL: |  1  2 |
---------------+-------+-----
Axes           | 4 |  4.7
Fighting       | 4 |  4.4
Armour         | |  2.9
Dodging        | |  2.4

Action                   || total
-------------------------++-------
Melee: Hand axe          ||    82
       Headbutt          ||     9
Invok: Berserk           ||     1
  Eat: Chunk             ||     3
Armor: Leather armour    ||    16
       Animal skin       ||     1
Dodge: Dodged            ||    60
